 Dungeon Crawl Stone Soup version 0.27.0-1-g7a089689b8 (webtiles) character file.

Game seed: 11307667212462937607

98 AIAndy the Magician (level 5, -6/35 HPs)
             Began as a Djinni Fire Elementalist on Aug 16, 2021.
             Mangled by a gnoll (7 damage)
             ... on level 3 of the Dungeon.
             The game lasted 00:09:57 (2490 turns).

AIAndy the Magician (Djinni Fire Elementalist)      Turns: 2490, Time: 00:09:58

Health: -6/35      AC:  2    Str:  7    XL:     5   Next: 1%
Gold:   94         EV: 12    Int: 18    God:
                   SH:  0    Dex: 13

rFire    + + .     SeeInvis .   j - +2 short sword (flame)
rCold    x . .     Faith    .   (no shield)
rNeg     . . .     Spirit   .   a - +0 robe
rPois    ∞         Reflect  .   (no helmet)
rElec    .         Harm     .   (no cloak)
rCorr    .         Rampage  .   (no gloves)
Will     .....                  (boots unavailable)
Stlth    +.........             (no amulet)
HPRegen  0.11/turn              (no ring)
MPRegen  0.00/turn              (no ring)

@: confused, ambrosia-drunk, flying
A: sickness immunity, fire resistance 2, cold vulnerability 1, float, innate
caster, hp casting, extra vitality 1
a: no special abilities


You were on level 3 of the Dungeon.
You visited 1 branch of the dungeon, and saw 3 of its levels.

You collected 94 gold pieces.


Innate Abilities, Weirdness & Mutations

You are immune to sickness and miasma.
You are immune to poison.
Your flesh is very heat resistant. (rF++)
You are vulnerable to cold. (rC-)
You float through the air rather than walking.
You learn spells naturally, not from books.
Your magical power is your life essence.
You have superior vitality. (+4 HP)


   Skills:
 - Level 2.1 Dodging
 - Level 1.5 Stealth
 + Level 4.1 Spellcasting


You couldn't memorise any spells.
You knew the following spells:

 Your Spells              Type           Power      Damage    Failure   Level
c - Conjure Flame         Conj/Fire      18%        6-21      8%          3
f - Foxfire               Conj/Fire      72%        2x1d7     2%          1
l - Fireball              Conj/Fire      9%         3d6       58%         5
p - Pain                  Necr           72%        1d7       2%          1
r - Inner Flame           Hex/Fire       18%        N/A       8%          3
s - Searing Ray           Conj           36%        3d4       4%          2
y - Sticky Flame          Conj/Fire      18%        2d4       26%         4
Your spell library was empty.

Inventory:

Hand Weapons
 j - a +2 short sword of flaming (weapon)
Armour
 a - a +0 robe (worn)
Wands
 g - a wand of flame (21)
Scrolls
 c - a scroll of enchant armour {unknown}
 d - a scroll of fog {unknown}
 e - a scroll of teleportation {unknown}
 f - a scroll of magic mapping {unknown}
 i - a scroll of identify {unknown}
Potions
 h - a potion of heal wounds {unknown}
 l - a potion of haste {unknown}

Dungeon Overview and Level Annotations

Branches:
Dungeon (3/15)

Altars:
Uskayaw

#.# #. #.# #.
#.#####.###.# #.
..#........# #.#
#.#.##.###.#
####..##.#.##[#
###..........##.#
#....▒▒▒.....##.#
#.8...@...8..##.#
##.....Y......##.#
#..8...g...8..##.#
#.............##.#
#..8.......8..##.#
#......).......#.#
#...##)#######.#.#
######.# #.#.# #.#
#.#.#######


You could see an ice beast and a gnoll.


Message History

You conjure some foxfire!
The ice beast hits you.
* * * LOW HITPOINT WARNING * * *
The ice beast freezes you!
You feel a terrible chill!
* * * LOW HITPOINT WARNING * * *
The foxfire hits the ice beast.
The ice beast is moderately wounded.
The foxfire hits the ice beast but does no damage.
The ice beast is moderately wounded.
There is a hide-covered altar of Uskayaw here.
Okay, then.
Okay, then.
As you read the scroll labelled BUZXUOF GAYHA, it crumbles to dust.
It is a scroll of amnesia.
You feel forgetful for a moment.
The ice beast hits you but does no damage.
It was a potion of ambrosia.
You are confused.
You feel invigorated. The ice beast closely misses you.
You're too confused to cast spells.
You barely miss the ice beast.
The ice beast is moderately wounded.
The ice beast hits you but does no damage.
The gnoll hits you from afar with a +0 spear.
* * * LOW HITPOINT WARNING * * *
You bump into the stone wall.
The ice beast hits you.
* * * LOW HITPOINT WARNING * * *
The ice beast freezes you!
You feel a terrible chill!
* * * LOW HITPOINT WARNING * * *
The gnoll hits you from afar with a +0 spear!
You die...

Skill      XL: |  1  2  3  4 |
---------------+-------------+-----
Spellcasting   | 3 4 |  4.1
Dodging        | |  2.1
Stealth        | |  1.5

Action                   |  1- 3 |  4- 6 || total
-------------------------+-------+-------++-------
Melee: Short sword       |       |     1 ||     1
 Cast: Foxfire           |    53 |    26 ||    79
       Pain              |     3 |     2 ||     5
  Use: Scroll            |       |     1 ||     1
       Potion            |       |     1 ||     1
Armor: Robe              |       |     2 ||     2
Dodge: Dodged            |     3 |     2 ||     5

Levels and vault maps discovered:
D:1:      minmay_arrival_plants_in_alcoves, layout_basic
D:2:      layout_loops_ring
D:3:      layout_basic, mainiacjoe_overflow_surrounded_room,
          eat_drink_and_be_merry_uskayaw

Notes
Turn   | Place    | Note
-------+----------+-------------------------------------------
     0 | D:1      | AIAndy the Djinni Fire Elementalist began the quest for the
                  | Orb.
     0 | D:1      | Reached XP level 1. HP: 15/15 MP: 0/0
   247 | D:1      | Reached XP level 2. HP: 20/21 MP: 0/0
   419 | D:1      | Reached skill level 3 in Spellcasting
   565 | D:1      | Reached XP level 3. HP: 23/25 MP: 0/0
   565 | D:1      | Learned a level 1 spell: Pain
  1647 | D:2      | Reached XP level 4. HP: 21/31 MP: 0/0
  2438 | D:3      | Found a hide-covered altar of Uskayaw.
  2474 | D:3      | Noticed an ice beast
  2478 | D:3      | Reached skill level 4 in Spellcasting
  2480 | D:3      | Reached XP level 5. HP: 21/35 MP: 0/0
  2480 | D:3      | Learned a level 2 spell: Searing Ray
  2490 | D:3      | HP: 1/35 [ice beast (13)]
  2490 | D:3      | Mangled by a gnoll

Vanquished Creatures
  3 gnolls (D:3)
  2 adders (D:2)
  2 dart slugs
  3 endoplasms
  A giant cockroach (D:2)
  4 goblins
  6 hobgoblins
  6 jackals (D:1)
  6 ball pythons
  3 bats
  A frilled lizard (D:2)
  7 kobolds
  2 rats (D:1)
46 creatures vanquished.

Vanquished Creatures (others)
  129 foxfires
129 creatures vanquished.

Grand Total: 175 creatures vanquished

Table legend: (Time is in decaauts)
 A = Elapsed time spent in this place.
 B = Non-inter-level travel time spent in this place.
 C = Inter-level travel time spent in this place.
 D = Time resting spent in this place.
 E = Time spent auto-exploring this place.
 F = Levels seen in this place.
 G = Mean time per level.
                   A        B        C        D        E       F      G
               +--------+--------+--------+--------+--------+-----+--------+
         Total |   2488 |   2335 |    153 |    108 |   1958 |   3 |  829.3 |
       Dungeon |   2488 |   2335 |    153 |    108 |   1958 |   3 |  829.3 |
               +--------+--------+--------+--------+--------+-----+--------+

Top non-repeatable levels by time:
     D:1: 1453 daAuts
     D:2: 927 daAuts
     D:3: 107 daAuts

Table legend:
 A = Non-vault XP
 B = Vault XP
 C = Vault XP percentage of total XP
 D = Non-vault monster count
 E = Vault monster count
 F = Vault count percentage of total count
                 A         B        C        D         E       F
            +---------+---------+-------+---------+---------+-------
      Total |     141 |       0 |   0.0 |      46 |       0 |   0.0
            +---------+---------+-------+---------+---------+-------
        D:1 |      45 |       0 |   0.0 |      25 |       0 |   0.0
        D:2 |      50 |       0 |   0.0 |      16 |       0 |   0.0
        D:3 |      46 |       0 |   0.0 |       5 |       0 |   0.0
            +---------+---------+-------+---------+---------+-------
